 Dungeon Crawl Stone Soup version 0.29.1-15-g9cfb28693d (webtiles) character file.

Game seed: 1516408433664201033

2841 Goblin1989 the Sneak (level 9, -7/68 HPs)
             Began as a Demonspawn Delver on Mar 7, 2023.
             Was a Follower of Uskayaw.
             Mangled by a death yak (17 damage)
             ... on level 8 of the Dungeon.
             The game lasted 00:26:06 (7325 turns).

Goblin1989 the Sneak (Demonspawn Delver)            Turns: 7325, Time: 00:26:06

Health: -7/68      AC: 12    Str: 13    XL:     9   Next: 46%
Magic:  14/14      EV: 11    Int: 12    God:    Uskayaw [*.....]
Gold:   1464       SH:  8    Dex: 18    Spells: 8/8 levels left

rFire   . . .      SeeInvis .   x - +0 dagger (elec)
rCold   + . .      Faith    .   L - +0 kite shield
rNeg    . . .      Spirit   .   D - +3 ring mail
rPois   .          Reflect  .   (helmet restricted)
rElec   .          Harm     .   (no cloak)
rCorr   .          Rampage  .   (no gloves)
Will    +....                   E - +0 pair of boots
Stlth   +++.......              i - amulet of regeneration
HPRegen 1.01/turn               l - ring of willpower
MPRegen 0.14/turn               H - ring of protection from cold

@: no status effects
A: antennae 2, thin metallic scales 1, powered by pain 1
a: Renounce Religion, Stomp


You were on level 8 of the Dungeon.
You worshipped Uskayaw.
Uskayaw was noncommittal.
You visited 2 branches of the dungeon, and saw 9 of its levels.
You also visited: Bailey.

You collected 1486 gold pieces.
You spent 22 gold pieces at shops.

Inventory:

Hand Weapons
 a - a +0 short sword
 q - a +3 dagger
 x - a +0 dagger of electrocution (weapon)
Missiles
 G - 2 curare-tipped darts (quivered)
Armour
 D - a +3 ring mail (worn)
 E - a +0 pair of boots (worn)
 K - a +0 plate armour of willpower
 L - a +0 kite shield (worn)
Jewellery
 i - an amulet of regeneration (around neck)
 l - a ring of willpower (left hand)
 v - a ring of flight
 C - an amulet of faith {!P}
 H - a ring of protection from cold (right hand)
Wands
 g - a wand of digging (3) {@v3}
 I - a wand of charming (13)
Scrolls
 c - a scroll of fog
 u - 2 scrolls of teleportation {!r, @r2}
 B - 3 scrolls of enchant weapon
 F - 3 scrolls of brand weapon
 J - a scroll of immolation
 R - a scroll of identify {@r1}
 S - a scroll of enchant armour {unknown}
Potions
 f - 4 potions of haste {@q3,}
 h - 3 potions of resistance
 m - 2 potions of ambrosia
 o - 5 potions of curing {@q1}
 p - 2 potions of lignification
 r - 3 potions of attraction {unknown}
 s - 4 potions of mutation {unknown}
 t - a potion of degeneration {unknown}
 z - 5 potions of brilliance {unknown}
 M - 2 potions of heal wounds {unknown}
 N - 4 potions of might {unknown}
 O - 2 potions of cancellation {unknown}
 P - a potion of magic {unknown}
 Q - 3 potions of invisibility {unknown}


   Skills:
 + Level 5.5 Fighting
 * Level 6.3 Short Blades
 + Level 4.1 Armour
 + Level 4.5 Dodging
 - Level 7.0 Stealth
 + Level 1.4 Shields
 + Level 6.7 Invocations


You had 8 spell levels left.
You didn't know any spells.
Your spell library contained the following spells:

 Spells                   Type           Power      Damage    Failure   Level
 Blink                    Tloc           0%         N/A       98%         2
 Static Discharge         Conj/Air       0%         3-3/arc   98%         2
 Conjure Flame            Conj/Fire      0%         6-21      100%        3
 Ignite Poison            Fire/Tmut/Pois 0%         N/A       100%        3
 Mephitic Cloud           Conj/Pois/Air  0%         N/A       100%        3
 Stone Arrow              Conj/Erth      0%         3d7       100%        3
 Animate Armour           Summ/Erth      0%         N/A       100%        4
 Dispel Undead            Necr           0%         3d6       100%        4
 Sticky Flame             Conj/Fire      0%         2d3       100%        4
 Freezing Cloud           Conj/Ice/Air   0%         6-21      100%        5
 Lehudib's Crystal Spear  Conj/Erth      0%         10d2      100%        8


Dungeon Overview and Level Annotations

Branches:
Dungeon (8/15) Zot: 26260  Temple (1/1) D:4 Zot: 5918    Lair (0/5) D:8
 Bailey (visited)

Altars:
Ashenzari
Cheibriados
Dithmenos
Fedhas
Gozag
Hepliaklqana
Kikubaaqudgha
Makhleb
Nemelex Xobeh
Okawaru
Qazlal
Ru
Uskayaw
Vehumet
Wu Jian
Xom
Yredelemnul

Shops:
D:6 *   D:8 (

Annotations:
D:3 3 runed translucent doors, Zeebu's ghost, amateur MiFi
D:8 exclusion: death yak


Innate Abilities, Weirdness & Mutations

You have a pair of antennae on your head.
You are partially covered in thin metallic scales. (AC +2)
You sometimes gain a little power by taking damage.


Message History

Something hits you but does no damage.
Uskayaw will force your foes to helplessly watch your dance.
Uskayaw prepares the audience for your solo!
No target in view!
No target in view!
No target in view!
No target in view!
No target in view!
No target in view!
No target in view!
No target in view!
No target in view!
No target in view!
No target in view!
No target in view!
No target in view!
No target in view!
No target in view!
No target in view!
No target in view!
No target in view!
No target in view!
No target in view!
No target in view!
You hit something but do no damage. You hit something but do no damage.
You closely miss something. You hit something but do no damage.
You hear some strange, mumbled words.
A puff of flame appears from out of thin air!
The puff of flame hits you!
You take 6 damage, and have 54/68 hp.
You miss something. Something hits you.
You miss something. Something hits you.
You take 2 damage, and have 52/68 hp.
You miss something. You block something's attack.
You hit something. Something hits you but does no damage.
You miss something.
You hear some strange, mumbled words.
A magic dart appears from out of thin air!
The magic dart hits you but does no damage.
You closely miss something. Something completely misses you.
You hit something but do no damage. Lightning courses through something!
Reactivating autopickup.
You feel a bit more experienced.
Things that are here:
a +0 dagger; a +0 robe You see here 6 poisoned darts.
S - a scroll labelled XEALON LUERPH Health restored: 68 You open the door.
There is an open door here.
You open the door.
You open the door. 2 death yaks come into view.
The death yak bellows!
You hear a bellow! x2
There is an open door here.
A death yak is nearby!
A death yak is nearby!
You hit the death yak but do no damage.
The death yak gores you but does no damage.
You hit the death yak but do no damage. The death yak misses you.
You hit the death yak but do no damage. You block the death yak's attack.
You hit the death yak but do no damage. The death yak gores you!
You take 17 damage, and have 51/68 hp.
MASSIVE DAMAGE!!
You hit the death yak.
The death yak is lightly wounded.
The death yak gores you.
You take 3 damage, and have 48/68 hp.
You hit the death yak but do no damage.
The death yak is lightly wounded.
The death yak gores you!
You take 8 damage, and have 40/68 hp.
You hit the death yak but do no damage.
Lightning courses through the death yak!
The death yak is lightly wounded.
You hit the death yak but do no damage.
The death yak is lightly wounded.
The death yak gores you.
You take 4 damage, and have 37/68 hp.
You hit the death yak but do no damage.
The death yak is lightly wounded.
The death yak gores you but does no damage.
You hit the death yak but do no damage.
The death yak is lightly wounded.
The death yak gores you!!
* * * LOW HITPOINT WARNING * * *
You take 23 damage, and have 15/68 hp.
MASSIVE DAMAGE!!
You hit the death yak but do no damage.
The death yak is lightly wounded.
The death yak gores you but does no damage.
You hit the death yak but do no damage.
The death yak is lightly wounded.
The death yak gores you!
* * * LOW HITPOINT WARNING * * *
You take 8 damage, and have 9/68 hp.
You hit the death yak but do no damage.
The death yak is lightly wounded.
The death yak gores you!
You die... ▓███▓▓██.██ █.█ █.█ █.████▓▓▓▓ █.█ █.█.)····▓ ▓▓ ██▲██

█.█.█▓▓▓·▓ ·▓▓ ██...██
█.█.██ ▓·▓ .·▓ ██.....██
██....█ ▓·█ ..▓██.......██
██.██..███.█
...█.........████...█..)...█
...∆.........∆.Y@.....)).███
..██.........████...██.█.█
▓·▓██.......██ █..███.█.█
··▓ ██.....██ █.██..(..█ ··▓
██...██ █.██.█.█.█ ··▓ ██∆██
█████........█ ▓▓▓ █.█
█....███.█████ █.█ █.██.█
█.█ ██.████.██.███.█


You could see a death yak.

Vanquished Creatures
  Joseph (D:8)
  Grinder (D:6)
  Menkaure (D:7)
  An orc warrior (Bailey)
  A sky beast (D:4)
  2 black bears
  An ogre (D:5)
  2 centaurs
  3 phantoms
  2 bullfrogs (D:7)
  A kobold brigand (D:7)
  A necrophage (D:7)
  3 scorpions
  A killer bee (D:7)
  2 hounds
  3 jellies
  5 orc priests
  5 iguanas
  Jessica (D:3)
  4 orc wizards
  4 adders
  13 gnolls
  A shadow imp (D:6)
  A white imp (D:8)
  3 ufetubi
  2 dart slugs
  27 orcs
  10 endoplasms
  5 giant cockroaches
  6 goblins
  7 hobgoblins
  12 jackals
  6 quokkas
  7 ball pythons
  6 bats
  15 frilled lizards
  13 kobolds
  2 rats
181 creatures vanquished.

Vanquished Creatures (others)
  5 plants (D:1)
5 creatures vanquished.

Grand Total: 186 creatures vanquished

Notes
Turn   | Place    | Note
-------+----------+-------------------------------------------
     0 | D:5      | Goblin1989 the Demonspawn Delver began the quest for the
                  | Orb.
     0 | D:5      | Reached XP level 1. HP: 18/18 MP: 1/1
   184 | D:1      | Gained mutation: You are partially covered in thin metallic
                  | scales. (AC +2) [demonic ancestry]
   184 | D:1      | Reached XP level 2. HP: 24/24 MP: 2/2
   188 | D:1      | Reached skill level 5 in Stealth
   341 | D:1      | Reached XP level 3. HP: 28/29 MP: 3/3
   845 | D:2      | Found a faded altar of an unknown god.
  1263 | D:2      | Reached skill level 6 in Stealth
  1263 | D:2      | Reached XP level 4. HP: 26/35 MP: 4/4
  1885 | D:3      | Found a runed translucent gate.
  1888 | D:3      | Found a runed translucent gate.
  1888 | D:3      | Found a runed translucent gate.
  1905 | D:3      | Identified the +1 ring mail of the Albatross {MP-9 Int+8
                  | Dex+2}
  1910 | D:3      | Noticed Zeebu's ghost (amateur MiFi)
  2046 | D:3      | Noticed Jessica
  2051 | D:3      | Killed Jessica
  2068 | D:3      | Got Jessica's Incunabulum of Shifting
  2202 | D:3      | Reached XP level 5. HP: 41/41 MP: 5/5
  2212 | D:3      | Found an ancient bone altar of Kikubaaqudgha.
  2238 | D:3      | Noticed a black bear
  2242 | D:3      | Killed a black bear
  2243 | D:3      | Reached skill level 7 in Stealth
  2646 | D:4      | Found a snail-covered altar of Cheibriados.
  2787 | D:4      | Reached skill level 1 in Armour
  2787 | D:4      | Gained mutation: You have a pair of small antennae on your
                  | head. [demonic ancestry]
  2787 | D:4      | Reached XP level 6. HP: 27/47 MP: 6/6
  2810 | D:4      | Noticed a sky beast
  2817 | D:4      | Killed a sky beast
  2861 | D:4      | Found a staircase to the Ecumenical Temple.
  2872 | Temple   | Entered the Ecumenical Temple
  3371 | D:4      | Found a shadowy altar of Dithmenos.
  3649 | D:5      | Reached XP level 7. HP: 53/53 MP: 7/7
  3909 | D:5      | HP: 2/53 [acid (6)]
  4025 | D:5      | Found a radiant altar of Vehumet.
  4129 | D:5      | Found a hide-covered altar of Uskayaw.
  4129 | D:5      | Noticed a +0 falchion
  4130 | D:5      | Noticed a +0 short sword
  4130 | D:5      | Noticed a +0 dagger
  4131 | D:5      | Noticed a +0 dagger
  4132 | D:5      | Noticed a +0 falchion
  4132 | D:5      | Noticed a +0 short sword
  4132 | D:5      | Noticed a +0 spear
  4133 | D:5      | Became a worshipper of Uskayaw the Reveller
  4133 | D:5      | Noticed a +0 spear
  4185 | D:5      | Reached * piety under Uskayaw
  4186 | D:5      | Reached skill level 1 in Invocations
  4230 | D:6      | Reached ** piety under Uskayaw
  4255 | D:6      | Reached *** piety under Uskayaw
  4286 | D:6      | Noticed Grinder
  4306 | D:6      | Killed Grinder
  4307 | D:6      | Gained mutation: You sometimes gain a little power by
                  | taking damage. [demonic ancestry]
  4307 | D:6      | Reached XP level 8. HP: 58/61 MP: 8/10
  4894 | D:6      | Found Umitrem's General Store.
  4898 | D:6      | Bought a scroll of identify for 22 gold pieces
  5174 | D:7      | Reached skill level 5 in Short Blades
  5242 | D:7      | Noticed Menkaure
  5257 | D:7      | Killed Menkaure
  5258 | D:7      | Reached skill level 5 in Invocations
  5258 | D:7      | Reached **** piety under Uskayaw
  5587 | D:7      | Reached skill level 5 in Fighting
  5785 | D:5      | Gained mutation: You have a pair of antennae on your head.
                  | [demonic ancestry]
  5785 | D:5      | Reached XP level 9. HP: 67/68 MP: 13/13
  6072 | D:8      | Found a flagged portal.
  6083 | D:8      | Identified a scroll of acquirement
  6084 | D:8      | Acquired 893 gold pieces
  6101 | Bailey   | Entered a bailey
  6742 | D:8      | Found Jeovuy Reegh's Weapon Emporium.
  6933 | D:8      | Noticed a death yak
  6957 | D:8      | Noticed a death yak
  6957 | D:8      | Noticed Joseph
  6974 | D:8      | Killed Joseph
  6975 | D:8      | Reached skill level 1 in Shields
  7296 | D:8      | Noticed a death yak
  7296 | D:8      | Noticed a death yak
  7325 | D:8      | Mangled by a death yak

Illustrated notes

Levels and vault maps discovered:
D:1:      scummos_arrival_simple_crosswalls, layout_rooms, minmay_lizard_king
D:2:      layout_basic, ebering_ecumenical_altar_webs, kennysheep_nondescript,
          minmay_randomly_rotated_circles
D:3:      layout_basic, old_standard_altar, biasface_ghost_orc_armoury,
          kennysheep_jessica_study
D:4:      layout_gridville, lemuel_round_altar, jmf_multi_god_temple,
          minmay_temple_entry_trees, serial_bayou_lake_a
D:5:      layout_loops_ring, nicolae_vehumet_radiance,
          nicolae_uskayaw_en_pointe, lightli_corner_chamber
D:6:      layout_loops_ring, serial_shops, kennysheep_mini_moat,
          chequers_decorated_corner, uniq_grinder
D:7:      minmay_klotski, layout_loops_ring, minmay_checkerbox, uniq_menkaure
D:8:      layout_loops_corners, dpeg_lair_monsters, serial_shops,
          nicolae_take_the_stairs, enter_bailey_6, uniq_joseph
Temple:   nicolae_temple_great_sept

Skill      XL: |  1  2  3  4  5  6  7  8  9 |
---------------+----------------------------+-----
Stealth        | 5 6 7 |  7.0
Short Blades   | 2 3 4 5 6 |  6.3
Dodging        | 2 3 4 |  4.5
Armour         | 1 2 3 4 |  4.1
Fighting       | 4 5 |  5.5
Invocations    | 3 6 |  6.7
Shields        | 1 |  1.4

Action                   |  1- 3 |  4- 6 |  7- 9 || total
-------------------------+-------+-------+-------++-------
Melee: Short sword       |   205 |       |       ||   205
       Dagger            |    18 |   174 |   445 ||   637
       Punch             |       |       |     4 ||     4
  Use: Scroll            |       |       |    15 ||    15
 Stab: Sleeping          |     7 |    11 |    19 ||    37
       Paralysed         |       |       |     6 ||     6
Armor: Leather armour    |   121 |     7 |       ||   128
       Ring mail         |       |    30 |   147 ||   177
Dodge: Dodged            |   169 |    89 |   200 ||   458
Block: Kite shield       |       |       |    65 ||    65
